 Dungeon Crawl Stone Soup version 0.19-a0-1878-gcbc8a98 (webtiles) character file.

272 JeffiDaFish the Sneak (level 6, -2/44 HPs)
             Began as a Vampire Enchanter on Oct 13, 2016.
             Slain by a gnoll
             ... wielding a +1 halberd of chopping
              (10 damage)
             ... on level 4 of the Dungeon.
             The game lasted 00:08:44 (3245 turns).

JeffiDaFish the Sneak (Vampire Enchanter)           Turns: 3245, Time: 00:08:45

Health: -2/44      AC:  8    Str:  8 (9)  XL:     6   Next: 2%
Magic:  2/9        EV: 14    Int: 18 (19) God:
Gold:   120        SH:  0    Dex: 15      Spells: 2 memorised, 6 levels left

rFire  . . .     SeeInvis +     a - +2 dagger
rCold  . . .     Gourm    .     b - +2 robe
rNeg   + . .     Faith    .     (no shield)
rPois  .         Spirit   .     (no helmet)
rElec  .         Dismiss  .     (no cloak)
rCorr  .         Reflect  .     e - +0 pair of gloves
MR     .....     Harm     .     (no boots)
Stlth  +++.......               (no amulet)
                                i - +2 ring of intelligence
                                g - +3 ring of protection

@: very slightly contaminated
A: fangs 3, see invisible, unbreathing
a: Bat Form


You were on level 4 of the Dungeon.
You were not thirsty.

You visited 1 branch of the dungeon, and saw 4 of its levels.

You collected 120 gold pieces.

Inventory:

Hand Weapons
 a - a +2 dagger (weapon)
Armour
 b - a +2 robe (worn)
 e - a +0 pair of gloves (worn)
Jewellery
 g - a +3 ring of protection (left hand)
 i - a +2 ring of intelligence (right hand)
Wands
 j - a wand of digging (7/24)
Potions
 d - 13 potions of blood
 h - 2 potions of agility
Books
 c - a book of Maledictions

   Spells                             Type                      Level
   a - Corona                         Hexes                        1
   b - Ensorcelled Hibernation        Hexes/Ice                    2
   c - Confuse                        Hexes                        3
   d - Tukima's Dance                 Hexes                        3
   e - Dazzling Spray                 Conjuration/Hexes            3


   Skills:
 * Level 1.8 Fighting
 + Level 2.4 Short Blades
 + Level 3.4 Dodging
 + Level 6.5 Stealth
 + Level 2.4 Spellcasting
 + Level 5.3 Hexes
 + Level 1.4 Ice Magic


You had 6 spell levels left.
You knew the following spells:

 Your Spells              Type           Power        Failure   Level  Hunger
a - Corona                Hex            ###....      1%          1    #......
b - Ensorcelled Hibernat  Hex/Ice        ##....       10%         2    ##.....


Dungeon Overview and Level Annotations

Branches:
Dungeon (4/15)
 Temple: D:4-7

Altars:
Nemelex Xobeh


Innate Abilities, Weirdness & Mutations

You have razor-sharp teeth.
You have supernaturally acute eyesight. (SInv)
You can survive without breathing.


Message History

You hit the gnoll.
The gnoll is moderately wounded.
The gnoll hits you from afar with a spear.
* * * LOW HITPOINT WARNING * * *
You feel much better.
The gnoll hits you with a halberd of chopping!
* * * LOW HITPOINT WARNING * * *
The gnoll hits you from afar with a spear.
* * * LOW HITPOINT WARNING * * *
Casting: Ensorcelled Hibernation
Confirm with . or Enter, or press ? or * to list all spells.
You don't have enough magic to cast that spell.
You hit the gnoll.
The gnoll is moderately wounded.
The gnoll misses you.
You hit the gnoll.
The gnoll is heavily wounded.
The gnoll misses you.
The gnoll hits you with a halberd of chopping!
You die...

..# .?....g.....l ..
#.#........
##.##..........
#....#.$##.# .#
#.......#.##.#####
#..##......#.....#
#...g......$.)# # .
####g#......#.# .#
..
#@##.....#.##.#...
#.)#..............
##.#..............
#......##.......#
#####....#.........
[........#.........
...###..............
#.......#........?.
#######.#.....<....


You could see 2 gnolls.

Vanquished Creatures
  2 hounds (D:4)
  Ijyb (D:3)
  2 worker ants (D:4)
  A hound skeleton (D:4)
  2 gnolls (D:4)
  3 adders (D:2)
  A shadow imp (D:4)
  2 oozes (D:1)
  2 worms
  3 dart slugs
  3 leopard geckos
  A giant cockroach (D:1)
  4 goblins
  4 hobgoblins
  5 jackals
  A quokka (D:3)
  2 ball pythons
  8 bats
  4 frilled lizards
  5 kobolds
  5 rats
61 creatures vanquished.

Vanquished Creatures (others)
  A goblin (D:1)
1 creature vanquished.

Grand Total: 62 creatures vanquished

Notes
Turn   | Place    | Note
-------+----------+-------------------------------------------
     0 | D:1      | JeffiDaFish the Vampire Enchanter began the quest for the Orb.
     0 | D:1      | Reached XP level 1. HP: 13/13 MP: 3/3
   149 | D:1      | Reached XP level 2. HP: 19/19 MP: 5/5
   160 | D:1      | Learned a level 2 spell: Ensorcelled Hibernation
   204 | D:1      | Reached skill level 5 in Stealth
  1205 | D:1      | Reached XP level 3. HP: 17/24 MP: 6/6
  1441 | D:1      | Found a sparkling altar of Nemelex Xobeh.
  1806 | D:2      | Reached skill level 6 in Stealth
  1954 | D:2      | Reached XP level 4. HP: 30/30 MP: 7/7
  2364 | D:3      | Noticed Ijyb
  2371 | D:3      | Killed Ijyb
  2371 | D:3      | Reached skill level 1 in Fighting
  2894 | D:4      | Reached XP level 5. HP: 37/37 MP: 8/8
  2900 | D:4      | Reached skill level 1 in Ice Magic
  2941 | D:4      | Reached skill level 5 in Hexes
  3235 | D:4      | Reached XP level 6. HP: 20/44 MP: 9/9
  3245 | D:4      | Slain by a gnoll

Vault maps used:
D:1:      erik_arrival_gehennom, nemelex_altar_shiori
D:2:      first_bread, minmay_misc_feat_square, minmay_box_of_dots
D:3:      uniq_iyjb

Skill      XL: |  1  2  3  4  5 |
---------------+----------------+-----
Stealth        | 5 6 |  6.5
Fighting       | 1 |  1.8
Short Blades   | 2 |  2.4
Dodging        | 3 |  3.4
Ice Magic      | 1 |  1.4
Hexes          | 5 |  5.3
Spellcasting   | |  2.4

Action                   |  1- 3 |  4- 6 || total
-------------------------+-------+-------++-------
Melee: Dagger            |    97 |    96 ||   193
       Bite              |     2 |     6 ||     8
 Cast: Ensorcelled Hiber |     4 |     6 ||    10
  Use: Potion            |     9 |     5 ||    14
       Scroll            |     5 |     3 ||     8
 Stab: Sleeping          |    18 |     8 ||    26
       Distracted        |       |     1 ||     1
Armor: Robe              |    13 |    35 ||    48
Dodge: Dodged            |    49 |    82 ||   131
